 Dungeon Crawl Stone Soup version 0.25-a0-661-g55ea3d2053 (webtiles) character file.

Game seed: 16768450126986601970, levelgen mode: deterministic

18 n0claF the Chopper (level 2, 0/27 HPs)
             Began as a Hill Orc Monk on Mar 23, 2020.
             Succumbed to a kobold's poison
             ... on level 1 of the Dungeon.
             The game lasted 00:01:24 (570 turns).

n0claF the Chopper (Hill Orc Monk)                   Turns: 570, Time: 00:01:24

Health: 0/27       AC:  2    Str: 13    XL:     2   Next: 66%
Magic:  2/2        EV: 13    Int: 10    God:
Gold:   75         SH:  0    Dex: 13    Spells: 1/1 levels left

rFire    . . .     SeeInvis .   a - +0 hand axe
rCold    . . .     Gourm    .   (no shield)
rNeg     . . .     Faith    .   b - +0 robe
rPois    .         Spirit   .   (no helmet)
rElec    .         Reflect  .   (no cloak)
rCorr    .         Harm     .   (no gloves)
MR       .....                  (no boots)
Stlth    ++........             (no amulet)
HPRegen  0.09/turn              (no ring)
MPRegen  0.08/turn              (no ring)

@: lethally poisoned (0 -> -5)
A: no striking features
a: no special abilities


You were on level 1 of the Dungeon.
You were not hungry.

You visited 1 branch of the dungeon, and saw 1 of its levels.

You collected 75 gold pieces.

Inventory:

Hand Weapons
 a - a +0 hand axe (weapon)
Armour
 b - a +0 robe (worn)
 g - a +0 plate armour
   (You found it on level 1 of the Dungeon)
Scrolls
 c - a scroll of amnesia {unknown}
 d - a scroll of teleportation {unknown}
 f - a scroll of identify {unknown}
Comestibles
 e - a ration {!d}
 h - a chunk of flesh


   Skills:
 + Level 3.9 Fighting
 * Level 4.6 Axes
 + Level 1.0 Armour
 - Level 2.4 Dodging
 - Level 1.5 Stealth


You had one spell level left.
You didn't know any spells.
Your spell library was empty.

Dungeon Overview and Level Annotations

Branches:
Dungeon (1/15)

Altars:


Message History

You closely miss the kobold.
You feel sick.
The kobold hits you with a +2 dagger of venom.
You are more poisoned.
You hit the kobold but do no damage.
You feel sick. The kobold completely misses you.
You barely miss the kobold.
You feel sick.
The kobold hits you with a +2 dagger of venom.
You are lethally poisoned!
You hit the kobold.
You feel sick. The kobold barely misses you.
You closely miss the kobold.
You feel sick. The kobold barely misses you.
You barely miss the kobold.
You feel sick. The kobold closely misses you.
You hit the kobold but do no damage.
* * * LOW HITPOINT WARNING * * *
You feel sick.
The kobold hits you with a +2 dagger of venom.
* * * LOW HITPOINT WARNING * * *
You hit the kobold.
You kill the kobold!
* * * LOW HITPOINT WARNING * * *
You feel sick.
* * * LOW HITPOINT WARNING * * *
You feel sick.
You see here a +2 dagger of venom.
There is a lethal amount of poison in your body!
There is a lethal amount of poison in your body!
You aren't carrying any potions.
* * * LOW HITPOINT WARNING * * *
You feel sick.
* * * LOW HITPOINT WARNING * * *
You feel sick.
* * * LOW HITPOINT WARNING * * *
You feel sick.
* * * LOW HITPOINT WARNING * * *
You feel sick.
Unknown command.
* * * LOW HITPOINT WARNING * * *
You feel sick.
* * * LOW HITPOINT WARNING * * *
You feel sick.
* * * LOW HITPOINT WARNING * * *
You feel sick.
* * * LOW HITPOINT WARNING * * *
You feel sick.
* * * LOW HITPOINT WARNING * * *
You feel sick.
* * * LOW HITPOINT WARNING * * *
You feel sick.
Unknown command.
Unknown command.
You die...

### ...# ############
...# ...........# #...#
...........# ....#
...........#####....##.
.............@.).......
............####.....#.
........#+#.#.. .....#
......#รท#.#....
....... ...>....)......
.##.#..
###+###.#.#....... .# #
#............... .
###.#...#######. .
#.#####


There were no monsters in sight!

Vanquished Creatures
  A gnoll (D:1)
  A leopard gecko (D:1)
  A goblin (D:1)
  A hobgoblin (D:1)
  2 kobolds (D:1)
  A rat (D:1)
7 creatures vanquished.

Notes
Turn   | Place    | Note
-------+----------+-------------------------------------------
     0 | D:1      | n0claF the Hill Orc Monk began the quest for the Orb.
     0 | D:1      | Reached XP level 1. HP: 19/19 MP: 1/1
   116 | D:1      | HP: 1/20 [gnoll/+0 spear (4)]
   118 | D:1      | Reached XP level 2. HP: 1/27 MP: 2/2
   505 | D:1      | Reached skill level 1 in Armour
   565 | D:1      | HP: 1/27 [poisoned by a kobold]
   570 | D:1      | Succumbed to a kobold's poison

Levels and vault maps discovered:
D:1:      dpeg_arrival_central, layout_basic

Skill      XL: |  1  2 |
---------------+-------+-----
Armour         | 1 |  1.0
Fighting       | |  3.9
Axes           | |  4.6
Dodging        | |  2.4
Stealth        | |  1.5

Action                   || total
-------------------------++-------
Melee: Hand axe          ||    23
 Stab: Sleeping          ||     1
Armor: Robe              ||     1
Dodge: Dodged            ||    10

Table legend:
 A = Non-vault XP
 B = Vault XP
 C = Vault XP percentage of total XP
 D = Non-vault monster count
 E = Vault monster count
 F = Vault count percentage of total count
                 A         B        C        D         E       F
            +---------+---------+-------+---------+---------+-------
      Total |      26 |       0 |   0.0 |       7 |       0 |   0.0
            +---------+---------+-------+---------+---------+-------
        D:1 |      26 |       0 |   0.0 |       7 |       0 |   0.0
            +---------+---------+-------+---------+---------+-------
